Description

Vibes bronze to gm

Replay - Bronze 3 - ZvT - Game 1

Build Order

Get SALT Encoding   

  12  0:02  Drone  
  13  0:15  Overlord  
  13  0:24  Drone  
  14  0:39  Drone x3  
  17  0:55  Hatchery  
  16  1:01  Drone x2  
  18  1:21  Spawning Pool  
  18  1:23  Drone x2  
  19  1:33  Drone  
  20  1:43  Extractor  
  21  2:12  Queen x2  
  25  2:20  Overlord  
  33  3:19  Lair  
  36  3:24  Overlord x2  
  36  3:36  Overlord  
  36  3:41  Queen  
  47  3:57  Roach Warren  
  47  4:02  Evolution Chamber  
  45  4:04  Extractor x2  
  48  4:40  Glial Reconstitution  
  48  4:42  Zerg Missile Weapons Level 1  
  48  4:46  Hatchery  
  47  5:01  Roach x6  
  69  5:48  Evolution Chamber  
  78  6:16  Queen  
  84  6:31  Extractor x3  
  85  6:36  Hydralisk Den  
  83  6:41  Zerg Missile Weapons Level 2  
  83  6:43  Zerg Ground Armor Level 1  
  87  7:15  Hydralisk x8  
  87  7:21  Hatchery  
  102  7:37  Grooved Spines  
  102  7:43  Infestation Pit  
  101  7:53  Hydralisk x2  
  125  8:27  Hive  
  125  8:49  Muscular Augments  
  137  9:00  Extractor x2  
  145  9:14  Hatchery  
  145  9:16  Zerg Ground Armor Level 2  
Spawning Tool Build Advisor. Get it on Overwolf

Go to:

Details

  • Created by: Mothai
  • Published on: Mar 22, 2021
  • Modified on: Mar 22, 2021
  • Patch: 4.11.0
  • Difficulty: Easy
Show
View Real Time Build Order
Export as new Build Order

Comments (0)

There are no comments. Be the first!

Create an account to comment!